 Dungeon Crawl Stone Soup version 0.28.0-47-ge53b351184 (webtiles) character file.

Game seed: 14184887303356803971

2872 Icepheonix32 the Blocker (level 9, -4/56 (57) HPs)
             Began as a Demonspawn Ice Elementalist on May 5, 2022.
             Killed from afar by a steam dragon (19 damage)
             ... with a ball of steam
             ... on level 8 of the Dungeon.
             The game lasted 00:19:42 (8276 turns).

Icepheonix32 the Blocker (DsIE)                     Turns: 8276, Time: 00:19:43

HP:   -4/56 (57)    AC: 13    Str:  9    XL:     9   Next: 47%
MP:   2/12          EV:  7    Int: 21    God:
Gold: 222           SH: 29    Dex: 13    Spells: 3/12 levels left

rFire   . . .      SeeInvis .   y - staff of cold
rCold   + . .      Faith    .   C - +18 shield of the Gong {rElec rN+ Will+ EV-5}
rNeg    + . .      Spirit   .   a - +0 robe
rPois   .          Reflect  .   (no helmet)
rElec   +          Harm     .   (no cloak)
rCorr   .          Rampage  .   (no gloves)
Will    +....                   v - +0 pair of boots
Stlth   ++........              (no amulet)
HPRegen 0.18/turn               s - +4 ring of protection
MPRegen 0.13/turn               (no ring)

@: mighty, sanguine armoured, lightly drained
A: demonic guardian 1, foul stench 2, sanguine armour 1
a: no special abilities


You were on level 8 of the Dungeon.
You visited 1 branch of the dungeon, and saw 8 of its levels.

You collected 326 gold pieces.
You spent 104 gold pieces at shops.

Inventory:

Hand Weapons
 g - a +5 flail of chaos
 F - a +4 short sword
Missiles
 d - a curare-tipped dart
 q - 6 datura-tipped darts
 D - 3 silver boomerangs
 G - 5 javelins
 N - 9 poisoned darts
Armour
 a - a +0 robe (worn)
 k - a +0 buckler
 v - a +0 pair of boots (worn)
 C - the +18 shield of the Gong (worn) {rElec rN+ Will+ EV-5}
   (You found it on level 5 of the Dungeon)

   It is deafeningly noisy when blocking attacks.
   EV:        It affects your evasion (-5).
   rElec:     It insulates you from electricity.
   rN:        It protects you from negative energy.
   Will:      It increases your willpower.
 J - the +2 pair of boots of the Eleven Realms {Contam +Inv rElec Int-3}
   (You found it on level 6 of the Dungeon)

   Int:       It affects your intelligence (-3).
   rElec:     It insulates you from electricity.
   +Inv:      It lets you turn invisible.
   Contam:    It causes magical contamination when unequipped.
 L - a +3 scale mail
Magical Staves
 y - a staff of cold (weapon)
Jewellery
 s - a +4 ring of protection (left hand)
Wands
 l - a wand of polymorph (10)
 A - a wand of flame (46)
Scrolls
 b - a scroll of blinking
 f - a scroll of vulnerability
 t - 3 scrolls of fear
 w - a scroll of immolation
 x - a scroll of magic mapping
 B - 2 scrolls of enchant armour
 E - a scroll of torment
Potions
 e - a potion of ambrosia {unknown}
 m - a potion of mutation
 o - a potion of degeneration
 r - a potion of lignification
 H - 4 potions of flight {unknown}
 K - a potion of resistance
 M - a potion of brilliance {unknown}


   Skills:
 + Level 0.1 Staves
 + Level 4.2 Dodging
 + Level 1.7 Stealth
 * Level 9.3 Shields
 + Level 2.3 Spellcasting
 + Level 2.1 Transmutations
 + Level 6.5 Ice Magic
 * Level 2.1 Evocations


You had 3 spell levels left.
You knew the following spells:

 Your Spells              Type           Power      Damage    Failure   Level
a - Freeze                Ice            100%       1d11      2%          1
b - Ozocubu's Armour      Ice            44%        N/A       7%          3
c - Wereblood             Tmut           11%        N/A       21%         2
d - Frozen Ramparts       Ice            88%        1d10      7%          3

Your spell library contained the following spells:

 Spells                   Type           Power      Damage    Failure   Level
 Beastly Appendage        Tmut           22%        N/A       14%         1
 Magic Dart               Conj           8%         1d3       32%         1
 Blink                    Tloc           4%         N/A       43%         2
 Call Imp                 Summ           2%         N/A       43%         2
 Static Discharge         Conj/Air       2%         N/A       43%         2
 Spider Form              Tmut/Pois      6%         N/A       54%         3
 Mephitic Cloud           Conj/Pois/Air  2%         N/A       67%         3
 Ice Form                 Ice/Tmut       30%        N/A       50%         4
 Hailstorm                Conj/Ice       24%        3d7       63%         4
 Olgreb's Toxic Radiance  Pois           2%         N/A       97%         4
 Lightning Bolt           Conj/Air       1%         1d12      100%        5
 Manifold Assault         Tloc           2%         N/A       100%        5
 Simulacrum               Ice/Necr       12%        N/A       100%        6
 Ozocubu's Refrigeration  Ice            22%        4d9       100%        7
 Storm Form               Tmut/Air       3%         N/A       100%        7
 Ignition                 Fire           1%         3d3       100%        8
 Maxwell's Capacitive Co  Air            1%         ∞         100%        8


Dungeon Overview and Level Annotations

Branches:
Dungeon (8/15)             Temple (0/1) D:6
   Lair: D:8-11

Altars:
Nemelex Xobeh

Shops:
D:4 !


Innate Abilities, Weirdness & Mutations

A weak demonic guardian rushes to your aid.
You sometimes emit foul miasma when damaged in melee.
When seriously injured, your blood forms armour. (AC +6)


Message History

* * * LOW HITPOINT WARNING * * *
You partially resist.
You feel drained.
You feel better. You block the steam dragon's attack.
PTOANNNG!
You block the steam dragon's attack.
SHROANNG!
Your quasit barely misses the necrophage. x3
You block the wight's attack.
GONNNNG!
The necrophage hits you but does no damage.
You feel very mighty all of a sudden.
Your quasit bites the necrophage.
Your quasit claws the necrophage but does no damage.
Your quasit closely misses the necrophage.
You block the steam dragon's attack.
GONNNNG!
You block the steam dragon's attack.
GONNNNG!
The wight barely misses you. The necrophage hits your quasit.
You closely miss the steam dragon.
Your quasit closely misses the necrophage. x2
Your quasit claws the necrophage but does no damage.
You block the steam dragon's attack.
BOUMMMMG!
You block the steam dragon's attack.
GONNNNG!
You block the wight's attack.
GONNNNG!
The necrophage closely misses your quasit.
Your quasit bites the necrophage but does no damage.
Your quasit claws the necrophage but does no damage.
Your quasit barely misses the necrophage.
You hit the steam dragon!
The steam dragon is moderately wounded.
Your quasit bites the necrophage but does no damage.
Your quasit barely misses the necrophage.
Your quasit claws the necrophage.
The steam dragon breathes steam at you. The ball of steam hits you!!
You die...

#######
#z§zn5#
#Z#8#@#
#'###D#
###Z###§##
#.'zz.#D.#
###Z####.#
###


ZZZ #..# #.# ##Z####.# #.# '.' ##.###.#### #.# #.....>...####### You could see a
steam dragon (catching breath), a necrophage (ally target), a wight and a
friendly quasit (summoned).

Vanquished Creatures
  Eustachio (D:6)
  2 water moccasins (D:7)
  2 ice beasts
  An orc warrior (D:5)
  2 black bears
  A sky beast (D:6)
  An ogre (D:5)
  2 centaurs (D:7)
  2 necrophages
  A kobold brigand (D:8)
  4 bullfrogs
  2 scorpions (D:6)
  A water moccasin zombie (D:7)
  2 wyvern skeletons
  5 wights
  2 centaur zombies (D:8)
  A jelly (D:6)
  2 bullfrog skeletons
  2 orc priests
  An iguana (D:6)
  6 orc wizards
  4 gnolls (D:6)
  2 adders (D:3)
  2 white imps
  An ufetubus (D:5)
  An adder zombie (D:5)
  An adder skeleton (D:4)
  2 worms
  25 orcs
  4 bats
  13 endoplasms
  A giant cockroach (D:1)
  8 goblins
  9 hobgoblins
  7 jackals
  A quokka (D:4)
  3 ball pythons
  3 frilled lizards
  6 kobolds
  A quokka skeleton (D:4)
  2 rats (D:1)
139 creatures vanquished.

Vanquished Creatures (collateral kills)
  A bullfrog zombie (D:5)
  3 hounds
  A centaur skeleton (D:7)
  An orc wizard (D:5)
  A white imp (D:6)
  An orc (D:4)
8 creatures vanquished.

Vanquished Creatures (others)
  An orc priest (D:7)
  A bush (D:7)
  6 plants (D:6)
8 creatures vanquished.

Grand Total: 155 creatures vanquished

Notes
Turn   | Place    | Note
-------+----------+-------------------------------------------
     0 | D:1      | Icepheonix32 the Demonspawn Ice Elementalist began the
                  | quest for the Orb.
     0 | D:1      | Reached XP level 1. HP: 13/13 MP: 3/3
   235 | D:1      | Gained mutation: When seriously injured, your blood forms
                  | armour. (AC +6) [demonic ancestry]
   235 | D:1      | Reached XP level 2. HP: 13/19 MP: 1/5
  1786 | D:2      | Gained mutation: A weak demonic guardian rushes to your
                  | aid. [demonic ancestry]
  1786 | D:2      | Reached XP level 3. HP: 15/24 MP: 6/6
  2148 | D:2      | Learned a level 3 spell: Ozocubu's Armour
  2151 | D:2      | Learned a level 2 spell: Wereblood
  2682 | D:3      | Reached skill level 5 in Ice Magic
  2694 | D:3      | Reached XP level 4. HP: 26/30 MP: 1/7
  3551 | D:4      | Found Fareohung's Distillery.
  3565 | D:4      | Bought a potion of curing for 39 gold pieces
  3565 | D:4      | Bought a potion of degeneration for 13 gold pieces
  3565 | D:4      | Bought a potion of might for 52 gold pieces
  3662 | D:4      | Reached XP level 5. HP: 30/35 MP: 4/8
  3937 | D:4      | Reached skill level 1 in Transmutations
  4153 | D:4      | Gained mutation: You may rarely emit foul miasma when
                  | damaged in melee. [demonic ancestry]
  4153 | D:4      | Reached XP level 6. HP: 25/41 MP: 9/9
  4589 | D:4      | Learned a level 3 spell: Frozen Ramparts
  4616 | D:5      | Entered Level 5 of the Dungeon
  4941 | D:5      | Noticed an ice beast
  4979 | D:5      | Killed an ice beast
  5394 | D:5      | Reached XP level 7. HP: 27/46 MP: 0/10
  5542 | D:5      | Found a sparkling altar of Nemelex Xobeh.
  5711 | D:5      | Found the +18 shield of the Gong {rElec rN+ Will+ EV-5}
  5837 | D:5      | Reached skill level 2 in Shields
  6044 | D:6      | Noticed Eustachio
  6049 | D:6      | Reached skill level 3 in Shields
  6073 | D:6      | Reached skill level 4 in Shields
  6081 | D:6      | Gained mutation: You sometimes emit foul miasma when
                  | damaged in melee. [demonic ancestry]
  6081 | D:6      | Reached XP level 8. HP: 24/52 MP: 1/11
  6082 | D:6      | Killed Eustachio
  6083 | D:6      | Reached skill level 5 in Shields
  6358 | D:6      | Reached skill level 6 in Shields
  6377 | D:6      | Reached skill level 7 in Shields
  6661 | D:6      | Identified the +2 pair of boots of the Eleven Realms
                  | {Contam +Inv rElec Int-3}
  7161 | D:7      | Reached skill level 8 in Shields
  7161 | D:7      | Reached skill level 1 in Evocations
  7161 | D:7      | Reached XP level 9. HP: 48/57 MP: 3/12
  7201 | D:7      | HP: 2/57 [wyvern skeleton (10)]
  7500 | D:6      | Found a staircase to the Ecumenical Temple.
  7838 | D:7      | Reached skill level 9 in Shields
  8276 | D:8      | Killed from afar by a steam dragon

Illustrated notes

Levels and vault maps discovered:
D:1:      lightli_arrival_statuegarden, layout_basic, solitary_fountain,
          nicolae_concentric_dashed_squares_wild
D:2:      layout_basic, minmay_domino_2
D:3:      layout_rooms, amcnicky_mini_corridor_feature
D:4:      layout_rooms, serial_shops, shop
D:5:      layout_loops_cross, kennysheep_mini_moat
D:6:      layout_loops_ring, minmay_temple_entry_from_below_a,
          serial_bayou_pond_c, kennysheep_generic_room_7, uniq_eustachio
D:7:      layout_cave_pools, kb_lookout_dungeons_type
D:8:      layout_basic, lemuel_mausoleum_altar_yredelemnul, minivault_24,
          minmay_quadrilaterals, uniq_grum

Skill      XL: |  1  2  3  4  5  6  7  8  9 |
---------------+----------------------------+-----
Ice Magic      | 4 5 6 |  6.5
Dodging        | 2 4 |  4.2
Transmutations | 1 2 |  2.1
Shields        | 4 8 9 |  9.3
Evocations     | 1 2 |  2.1
Staves         | |  0.1
Stealth        | |  1.7
Spellcasting   | |  2.3

Action                   |  1- 3 |  4- 6 |  7- 9 || total
-------------------------+-------+-------+-------++-------
Melee: Unarmed           |     3 |       |       ||     3
       Hand axe          |    55 |       |       ||    55
       Spear             |       |   183 |       ||   183
       Punch             |       |     5 |       ||     5
       Staff             |       |    79 |   320 ||   399
       Flail             |       |       |    16 ||    16
Throw: Javelin           |       |       |     2 ||     2
 Cast: Freeze            |    49 |    14 |     6 ||    69
       Ozocubu's Armour  |     2 |    11 |    12 ||    25
       Wereblood         |       |     3 |     4 ||     7
       Frozen Ramparts   |       |     1 |    15 ||    16
  Use: Scroll            |     3 |     4 |     9 ||    16
       Potion            |       |       |    11 ||    11
 Stab: Sleeping          |       |     1 |       ||     1
       Distracted        |       |     1 |       ||     1
Armor: Robe              |    24 |   131 |   134 ||   289
Dodge: Dodged            |    73 |   179 |    62 ||   314
Block: Kite shield       |       |       |   675 ||   675
